Map: Ephemeron LE

Players

Mez - Winner!

  • Race: Terran Terran
  • League: Master
  • Spawn Location: 11:00

IlIlIlIlIlIl

  • Race: Zerg Zerg
  • League: Master
  • Spawn Location: 5:00

VOD

Have the link to the VOD?

Description

Time

  • Played on: Aug. 31, 2019, 9:10 a.m.
  • Length: 13:49
Show
View Real Time Build Order
Export as new Build Order

Mez Terran - Winner!

Build Orders: Liberator Opening, Reaper Expand 

Get SALT Encoding   

  12  0:00  SCV  
  13  0:12  SCV  
  14  0:17  Supply Depot  
  14  0:25  SCV  
  15  0:38  SCV  
  15  0:39  Barracks  
  16  0:44  Refinery  
  16  0:50  SCV  
  17  1:03  SCV  
  18  1:15  SCV  
  19  1:27  Orbital Command  
  19  1:29  Reaper  
  20  1:42  Command Center  
  20  1:49  Supply Depot  
  20  1:53  SCV  
  21  2:03  Marine  
  22  2:10  SCV  
  23  2:17  Factory  
  23  2:19  Refinery  
  23  2:22  SCV  
  23  2:24  Barracks Reactor  
  23  2:35  SCV  
  24  2:57  Orbital Command  
  24  2:59  SCV  
  24  3:04  Starport  
  25  3:08  Hellion x2, Barracks Tech Lab  
  25  3:12  SCV  
  30  3:24  SCV  
  30  3:25  Liberator, Supply Depot  
  31  3:28  Marine  
  30  3:34  Supply Depot  
  30  3:38  Hellion x2  
  30  3:41  SCV  
  35  3:46  Marine  
  39  3:48  Stimpack  
  39  3:51  Orbital Command  
  39  4:04  Hellion x2  
  43  4:16  Liberator, SCV  
  44  4:21  Marine  
  44  4:22  SCV  
  46  4:25  Supply Depot  
  46  4:28  SCV  
  47  4:34  SCV  
  47  4:37  Hellion  
  53  4:42  SCV  
  54  4:47  SCV, Hellion  
  54  4:49  Supply Depot  
  57  4:55  Marine  
  57  4:57  SCV  
  57  4:59  SCV  
  60  5:09  SCV  
  60  5:11  SCV  
  62  5:19  Command Center  
  62  5:21  SCV  
  63  5:23  SCV, Factory Reactor  
  63  5:24  Supply Depot  
  61  5:38  Marine  
  61  5:39  Combat Shield  
  61  5:40  Barracks, SCV x2  
  61  5:42  Barracks  
  64  5:43  Engineering Bay  
  64  5:44  Engineering Bay  
  64  5:54  Supply Depot  
  64  5:56  Refinery  
  64  5:57  Refinery  
  55  6:24  Marine  
  48  6:30  Marine x2, Starport Reactor, Barracks  
  48  6:31  Barracks  
  48  6:32  Orbital Command, Factory Reactor  
  50  6:37  SCV x2  
  52  6:42  Marine  
  53  6:48  Marine x2, Terran Infantry Armor Level 1, Terran Infantry Weapons Level 1  
  53  6:49  SCV  
  53  6:51  SCV  
  57  6:59  Marine  
  58  7:01  SCV  
  58  7:03  SCV  
  58  7:04  SCV, Factory  
  58  7:06  Marine x2  
  63  7:10  Medivac x2  
  63  7:13  SCV  
  63  7:15  Marine x2, SCV  
  71  7:17  Marine  
  69  7:24  Marine x2  
  69  7:27  Orbital Command, Armory  
  69  7:28  Barracks Reactor x2  
  69  7:29  Supply Depot, Widow Mine  
  75  7:30  Widow Mine  
  75  7:38  Marine x2, SCV  
  75  7:39  SCV  
  75  7:43  Marine x3  
  82  7:51  SCV, Widow Mine  
  85  7:52  Factory Tech Lab  
  85  7:53  SCV  
  85  7:54  SCV  
  85  7:55  Marine  
  88  8:01  Marine x2  
  88  8:03  Marine, SCV  
  88  8:05  SCV, Widow Mine  
  94  8:06  Medivac x2  
  94  8:08  Marine x3  
  94  8:09  Marine x2  
  94  8:12  Supply Depot, Widow Mine  
  106  8:13  SCV  
  106  8:14  Supply Depot  
  106  8:15  SCV  
  106  8:16  Supply Depot  
  106  8:18  SCV  
  109  8:21  Terran Vehicle And Ship Armor Level 1  
  109  8:23  Drilling Claws  
  109  8:34  Marine x8  
  110  9:00  Marine x3  
  110  9:01  Marine x3  
  114  9:14  Supply Depot  
  114  9:16  Marine x3, Supply Depot  
  119  9:17  Supply Depot  
  119  9:18  Marine x2, Widow Mine x3  
  119  9:19  SCV x3  
  127  9:28  Marine x3  
  130  9:31  SCV x2  
  130  9:34  Command Center  
  132  9:40  Widow Mine x2  
  132  9:41  Widow Mine  
  132  9:42  Terran Infantry Armor Level 2, Terran Infantry Weapons Level 2  
  132  9:44  Supply Depot  
  138  9:48  Marine x2  
  138  9:49  Marine x5  
  145  9:55  SCV  
  145  9:56  SCV  
  145  9:57  SCV  
  148  10:01  Widow Mine  
  148  10:02  Widow Mine  
  145  10:19  Marine x9  
  149  10:26  Widow Mine x2, Thor  
  158  10:29  SCV x3  
  160  10:36  Marine  
  160  10:37  Marine x3  
  160  10:41  SCV  
  165  10:46  SCV  
  166  10:57  Supply Depot x2  
  166  11:02  Supply Depot  
  166  11:03  Supply Depot  
  166  11:18  Marine x9  
  164  11:19  Widow Mine  
  164  11:24  Thor  
  170  11:28  Planetary Fortress  
  172  11:33  Widow Mine  
  172  11:36  Marine x5  
  174  11:40  Widow Mine  
  176  11:53  Marine x4  
  176  11:54  Marine x2, SCV x2  
  173  12:00  Barracks  
  176  12:01  Marine x3, Barracks x2  
  176  12:03  Medivac  
  176  12:04  Medivac  
  182  12:10  Marine  
  182  12:11  Marine  
  174  12:21  Marine x5  
  179  12:35  Marine x4  
  179  12:36  Medivac  
  179  12:37  Medivac  
  166  12:38  Marine  
  166  12:39  Marine  
  166  12:40  Marine x3  
  160  12:51  Widow Mine x2  
  163  12:52  Barracks Tech Lab  
  163  12:53  Marine, Barracks Tech Lab x2  
  164  13:09  Marine x2  
  164  13:12  Marine  
  164  13:13  Widow Mine  
  164  13:16  Marine  
  164  13:20  Marine x2  
  164  13:22  Supply Depot  
  164  13:23  Supply Depot  
  164  13:27  Marine  
  164  13:34  SCV x2  
  164  13:36  SCV  
Show
View Real Time Build Order
Export as new Build Order

IlIlIlIlIlIl Zerg 

Build Orders: Pool First 

Get SALT Encoding   

  12  0:01  Drone  
  13  0:15  Overlord  
  13  0:21  Drone  
  14  0:34  Drone x2  
  16  0:38  Drone  
  17  0:48  Spawning Pool  
  17  0:49  Drone  
  17  0:52  Extractor  
  16  1:04  Drone  
  17  1:14  Hatchery  
  16  1:35  Zergling x6  
  19  1:41  Queen  
  19  1:46  Drone  
  22  2:02  Metabolic Boost  
  22  2:19  Hatchery  
  21  2:25  Queen  
  21  2:28  Zergling x2  
  24  2:30  Zergling x2  
  25  2:40  Zergling x6  
  28  2:47  Overlord  
  28  3:07  Drone x5  
  33  3:17  Drone  
  34  3:22  Queen  
  35  3:40  Drone x6  
  41  3:42  Overlord  
  41  3:44  Overlord  
  41  4:03  Drone x3  
  41  4:04  Queen, Drone  
  41  4:05  Drone x2  
  41  4:06  Drone  
  41  4:08  Drone  
  51  4:15  Overlord  
  51  4:17  Overlord  
  51  4:32  Overlord  
  51  4:35  Drone  
  51  4:36  Drone x2  
  54  4:39  Queen x2  
  54  4:41  Zergling x10  
  63  4:47  Drone  
  63  4:48  Drone x2  
  63  4:50  Extractor  
  63  4:51  Extractor  
  64  4:59  Drone  
  66  5:00  Drone x4  
  66  5:06  Drone x3  
  71  5:11  Drone x2  
  73  5:30  Baneling Nest, Spore Crawler, Overlord x2  
  73  5:31  Overlord x3  
  71  5:45  Extractor  
  70  5:50  Zergling x2  
  70  5:51  Zergling x14  
  78  5:59  Zergling x2  
  67  6:25  Drone x2  
  66  6:26  Drone x9  
  66  6:29  Lair  
  75  6:33  Drone  
  75  6:37  Evolution Chamber  
  75  6:38  Evolution Chamber  
  75  6:39  Pneumatized Carapace  
  74  6:40  Drone, Hatchery  
  74  6:41  Drone  
  74  6:42  Drone x2  
  74  6:44  Zergling x2, Extractor  
  77  7:00  Queen  
  79  7:02  Drone x2  
  79  7:03  Drone x2  
  83  7:11  Zerg Ground Armor Level 1, Zerg Melee Weapons Level 1  
  83  7:13  Drone x3  
  83  7:14  Drone x3  
  89  7:17  Overlord  
  89  7:20  Overlord  
  89  7:23  Burrow  
  89  7:33  Centrifical Hooks  
  89  7:38  Spore Crawler  
  88  7:46  Zergling x2  
  88  7:47  Zergling x16  
  97  7:51  Extractor  
  97  7:58  Drone x5  
  99  7:59  Drone  
  102  8:07  Overseer  
  102  8:11  Overlord x2  
  102  8:13  Zergling x2  
  102  8:14  Zergling x14  
  110  8:22  Infestation Pit  
  110  8:23  Zergling x8  
  110  8:24  Zergling x4  
  114  8:27  Baneling x2  
  114  8:28  Baneling x17  
  114  8:30  Overlord x2  
  114  8:31  Zergling x10  
  119  8:36  Zergling x2  
  119  8:39  Zergling x2  
  118  8:48  Baneling x2  
  115  8:58  Zergling x2  
  115  8:59  Zergling x18  
  120  9:08  Zerg Melee Weapons Level 2, Zerg Ground Armor Level 2  
  120  9:09  Hive  
  120  9:11  Drone  
  120  9:12  Spire, Drone x6  
  125  9:30  Overlord x3  
  126  9:31  Zergling x2  
  126  9:32  Zergling x14  
  126  9:37  Pathogen Glands  
  133  9:39  Zergling x6  
  133  9:43  Extractor  
  133  9:44  Baneling x4  
  133  9:45  Baneling x7  
  135  9:46  Extractor  
  133  9:56  Hatchery  
  133  9:59  Drone x3  
  135  10:00  Drone x5  
  135  10:02  Overlord x2  
  138  10:12  Zergling x2  
  138  10:13  Zergling x10  
  136  10:23  Zergling x12  
  140  10:37  Baneling x11  
  139  10:46  Zergling x20  
  139  10:47  Zergling x4  
  148  10:51  Adrenal Glands, Ultralisk Cavern, Greater Spire  
  148  10:55  Baneling  
  148  10:56  Baneling x8  
  126  11:13  Zergling x28  
  135  11:25  Corruptor  
  135  11:26  Corruptor x7  
  148  11:43  Chitinous Plating, Corruptor  
  148  11:45  Zergling x8  
  153  11:51  Overseer x3  
  153  11:52  Zergling x2  
  153  11:53  Zergling x20  
  155  12:04  Zergling x10  
  155  12:07  Brood Lord x3  
  163  12:10  Zergling x2  
  163  12:11  Zergling x12  
  149  12:18  Overlord  
  149  12:19  Overlord x4  
  120  12:42  Zergling x2  
  120  12:43  Zergling x28  
  128  12:47  Zergling x2  
  128  12:48  Zergling x6  
  128  12:50  Corruptor x6  
  118  12:53  Ultralisk x2  
  130  13:01  Baneling  
  130  13:02  Anabolic Synthesis, Baneling x5  
  130  13:04  Zergling x2  
  130  13:05  Zergling x8  
  130  13:11  Hatchery  
  118  13:14  Zergling x2  
  118  13:15  Zergling x12  
Tags
 
Add a new tag
Caveats
  • Supply blocks, unpowered buildings, or Contaminate may cause inaccurate times.
  • Supply counts are checked every 10 seconds.